 Dungeon Crawl Stone Soup version 0.17-a0-688-g21a41e9 (webtiles) character file.

8658 BluebellGnoll the Unseen (level 11, -2/49 HPs)
             Began as a Spriggan Assassin on Apr 19, 2015.
             Was a High Priest of Okawaru.
             Impaled on a porcupine's spines (15 damage)
             ... on level 2 of the Lair of Beasts.
             The game lasted 00:42:28 (11196 turns).

BluebellGnoll the Unseen (Spriggan Assassin)       Turns: 11196, Time: 00:42:28

Health: -2/49      AC:  4    Str:  7    XL:     11   Next: 12%
Magic:  12/12      EV: 26    Int: 22    God:    Okawaru [*****.]
Gold:   440        SH:  0    Dex: 18    Spells: 0 memorised, 10 levels left

rFire  . . .     SeeInvis +     a - +9 rapier of the Equator {pierce, rPois MR+}
rCold  . . .     Clarity  .     c - +0 robe
rNeg   + . .     SustAb   .     (shield restricted)
rPois  +         Gourm    .     (helmet restricted)
rElec  .         Spirit   .     d - +1 cloak
rCorr  .         Warding  .     (gloves unavailable)
rMut   .         Stasis   .     (boots unavailable)
MR     ++...                    (no amulet)
Stlth  +++++++++.               j - +6 ring of intelligence
                                l - ring of positive energy

@: very quick, very resistant to hostile enchantments, incredibly stealthy
A: unfitting armour, see invisible, herbivore 3, speed 3, slow metabolism 2
a: Heroism, Finesse, Renounce Religion


You were on level 2 of the Lair of Beasts.
You worshipped Okawaru.
Okawaru was extremely pleased with you.
You were very full.

You visited 2 branches of the dungeon, and saw 11 of its levels.
You also visited: Sewer.

You collected 582 gold pieces.
You spent 142 gold pieces at shops.

Inventory:

Hand weapons
 a - the +9 rapier of the Equator (weapon) {pierce, rPois MR+}
   (Okawaru gifted it to you on level 9 of the Dungeon)

   It inflicts extra damage upon your enemies.
   It protects you from poison.
   It affects your resistance to hostile enchantments.
 b - a +6 quick blade
 f - a +2 dagger of protection
 w - a +2 rapier of venom
Missiles
 z - 18 tomahawks (quivered)
 A - 197 stones
Armour
 c - a +0 robe (worn)
 d - a +1 cloak (worn)
 K - the +2 robe of Modesty {rF- MR+ Regen+ rCorr}
   (You found it on level 8 of the Dungeon)

   It makes you vulnerable to fire.
   It affects your resistance to hostile enchantments.
   It increases your rate of regeneration.
   It protects you from acid and corrosion.
Jewellery
 j - a +6 ring of intelligence (right hand)
 l - a ring of positive energy (left hand)
 o - an uncursed ring of teleportation
 P - an uncursed amulet of regeneration {unknown}
 Q - a +3 ring of dexterity {unknown}
Magical devices
 r - a wand of heal wounds (7)
 u - a wand of confusion (38)
 y - a wand of cold (6)
 E - a wand of confusion (13)
Scrolls
 h - 7 scrolls of remove curse
 m - 4 scrolls of teleportation
 p - a scroll of immolation
 t - 12 scrolls of identify
 B - a scroll of enchant armour
 H - a scroll of fear
 I - 2 scrolls of amnesia
 M - 2 scrolls of recharging
 U - a scroll of blinking {unknown}
Potions
 i - 5 potions of curing
 n - 2 potions of haste
 q - 6 potions of heal wounds
 s - a potion of brilliance {unknown}
 v - a potion of restore abilities {unknown}
 x - a potion of resistance {unknown}
 D - 2 potions of flight
 G - 3 potions of invisibility {unknown}
 T - a potion of poison {unknown}
 W - 2 potions of lignification {unknown}
 X - 2 potions of might
Miscellaneous
 N - a fan of gales
Comestibles
 g - 9 bread rations


   Skills:
 - Level 1.5 Fighting
 - Level 9.0 Short Blades
 - Level 2.1 Throwing
 - Level 10.0 Dodging
 + Level 19.8 Stealth


You had 10 spell levels left.
You didn't know any spells.

Dungeon Overview and Level Annotations

Branches:
Dungeon (9/15)             Temple (0/1) D:4            Lair (2/8) D:9
    Orc: D:9-12

Altars:
Ashenzari
Cheibriados
Fedhas
Makhleb
Nemelex Xobeh
Okawaru
Qazlal
Ru
Sif Muna
Xom
Zin
Beogh

Shops:
D:4 :   D:6 }   D:9 :

Annotations:
D:4 Yllodra's ghost, average DsGl


Innate Abilities, Weirdness & Mutations

You are tiny and cannot use many weapons and most armour.
You have supernaturally acute eyesight.
You are a herbivore.
You cover ground extremely quickly.
You need consume almost no food.


Message History

The porcupine is severely wounded.
The porcupine misses you.
You hit the porcupine but do no damage.
The porcupine is severely wounded.
You are struck by the porcupine's spines.
* * * LOW HITPOINT WARNING * * *
You barely miss the porcupine.
The porcupine is severely wounded.
The porcupine closely misses you.
You are too injured to fight recklessly!
You are too injured to fight recklessly!
You are too injured to fight recklessly!
You closely miss the porcupine.
The porcupine is severely wounded.
The porcupine completely misses you.
You closely miss the porcupine.
The porcupine is severely wounded.
The porcupine completely misses you.
You are struck by the porcupine's spines.
You die...

##### ###
#.#..######.##########
........................
##..#............#
...>..........##.#
......P.....####.#
............# #..#
P.#.P.......# ##@#
............# #r#
............# #.#
....P.......# ...
....#..............
.................###
................##
................
##..P...P. #...


You could see a porcupine.

Vanquished Creatures
  A hydra (Lair:1)
  Erolcha (D:8)
  2 spiny frogs (Lair:1)
  A komodo dragon (Lair:1)
  The ghost of WhatIsLove the Magician, an experienced DECj (D:5)
  Grinder (D:5)
  A human (D:9)
  11 yaks
  2 hippogriffs
  A porcupine (Lair:2)
  2 water moccasins (Lair:1)
  6 orc warriors
  3 sky beasts
  2 ice beasts
  2 phantoms
  7 ogres
  A big kobold (Sewer)
  3 giant frogs
  2 centaurs (D:8)
  4 wights (D:8)
  3 crimson imps
  5 hounds
  5 worker ants
  Ijyb (D:3)
  2 orc priests
  8 iguanas
  6 orc wizards
  Terence (D:3)
  A hound zombie (D:6)
  A worker ant zombie (D:9)
  7 adders
  15 river rats
  7 gnolls
  2 shadow imps (D:7)
  2 oozes
  An adder zombie (D:7)
  2 worms
  4 adder skeletons
  39 orcs
  10 bats
  7 giant cockroaches
  12 goblins
  10 hobgoblins
  8 jackals
  A quokka (D:6)
  4 giant geckos
  A giant gecko skeleton (D:6)
  3 giant newts
  A jackal zombie (D:5)
  20 kobolds
  A kobold zombie (D:7)
  16 rats
  A butterfly (Lair:1)
261 creatures vanquished.

Notes
Turn   | Place    | Note
--------------------------------------------------------------
     0 | D:1      | BluebellGnoll, the Spriggan Assassin, began the quest for the Orb.
     0 | D:1      | Reached XP level 1. HP: 10/10 MP: 2/2
    23 | D:1      | Reached skill level 6 in Stealth
   220 | D:1      | Reached XP level 2. HP: 7/14 MP: 3/3
   490 | D:1      | Reached skill level 7 in Stealth
   869 | D:2      | Reached XP level 3. HP: 15/18 MP: 4/4
  1657 | D:3      | Noticed Terence
  1658 | D:3      | Killed Terence
  1658 | D:3      | Reached XP level 4. HP: 22/22 MP: 5/5
  2028 | D:3      | Noticed Ijyb
  2033 | D:3      | Killed Ijyb
  2380 | D:4      | Found an iron altar of Okawaru.
  2403 | D:4      | Became a worshipper of Warmaster Okawaru
  2486 | D:4      | Noticed Yllodra's ghost (average DsGl)
  2521 | D:4      | Reached XP level 5. HP: 25/25 MP: 6/6
  2646 | D:4      | Reached skill level 8 in Stealth
  2776 | D:4      | Found Xuasin's Book Shop.
  2827 | D:4      | Noticed a phantom
  3212 | D:4      | Killed a phantom
  3212 | D:4      | Reached skill level 9 in Stealth
  3212 | D:4      | Reached XP level 6. HP: 12/30 MP: 7/7
  3220 | D:4      | Found a staircase to the Ecumenical Temple.
  3331 | D:4      | Reached skill level 10 in Stealth
  3429 | D:4      | Acquired Okawaru's first power
  3759 | D:5      | Entered Level 5 of the Dungeon
  3867 | D:5      | Found a glowing drain.
  3924 | Sewer    | Entered a sewer
  4034 | Sewer    | Reached skill level 5 in Dodging
  4034 | Sewer    | Reached XP level 7. HP: 26/33 MP: 8/8
  4078 | Sewer    | Found a white marble altar of Elyvilon.
  4215 | D:5      | Noticed Grinder
  4461 | D:5      | Reached skill level 5 in Short Blades
  4666 | D:5      | Noticed WhatIsLove's ghost (experienced DECj)
  4694 | D:5      | Killed Grinder
  4717 | D:5      | Killed WhatIsLove's ghost
  4717 | D:5      | Reached XP level 8. HP: 28/37 MP: 6/9
  5013 | D:5      | Found a snail-covered altar of Cheibriados.
  5041 | D:5      | Noticed a hippogriff
  5049 | D:5      | Killed a hippogriff
  5466 | D:6      | Found a blossoming altar of Fedhas.
  5738 | D:6      | Identified a scroll of acquirement
  5927 | D:6      | Found Vunaaruyza's Gadget Boutique.
  5930 | D:6      | Bought a wand of confusion (17) for 142 gold pieces
  6510 | D:7      | Reached XP level 9. HP: 38/41 MP: 10/10
  6670 | D:7      | Reached skill level 10 in Dodging
  6721 | D:7      | Reached skill level 11 in Stealth
  7465 | D:8      | Noticed Erolcha
  7472 | D:8      | Killed Erolcha
  7472 | D:8      | Reached skill level 13 in Stealth
  7628 | D:8      | Reached skill level 14 in Stealth
  7631 | D:8      | Got a crude robe
  7645 | D:8      | Identified the +2 robe of Modesty {rF- MR+ Regen+ rCorr} (You found it on level 8 of the Dungeon)
  8181 | D:8      | Reached skill level 15 in Stealth
  8252 | D:8      | Acquired Okawaru's second power
  8383 | D:8      | Found a snail-covered altar of Cheibriados.
  8398 | D:8      | Found a glowing silver altar of Zin.
  8403 | D:8      | Found a sacrificial altar of Ru.
  8414 | D:8      | Found a sparkling altar of Nemelex Xobeh.
  8425 | D:8      | Found a shimmering altar of Xom.
  8432 | D:8      | Found a shattered altar of Ashenzari.
  8437 | D:8      | Found a deep blue altar of Sif Muna.
  8554 | D:9      | Reached XP level 10. HP: 46/46 MP: 11/11
  8700 | D:9      | Found a staircase to the Lair.
  8732 | D:9      | Received a gift from Okawaru
  8733 | D:9      | Got an iridescent rapier {god gift}
  8734 | D:9      | Identified the +9 rapier of the Equator {pierce, rPois MR+} (Okawaru gifted it to you on level 9 of the Dungeon)
  8958 | D:9      | Found Gapyt's Book Boutique.
  9304 | D:9      | Found a stormy altar of Qazlal.
  9304 | D:9      | Found a burning altar of Makhleb.
  9388 | D:9      | Reached skill level 16 in Stealth
  9500 | D:9      | Found a roughly hewn altar of Beogh.
  9605 | Lair:1   | Entered Level 1 of the Lair of Beasts
  9771 | Lair:1   | Reached skill level 17 in Stealth
  9893 | Lair:1   | Reached skill level 18 in Stealth
  9957 | Lair:1   | Noticed a seven-headed hydra
  9967 | Lair:1   | Killed a seven-headed hydra
 10340 | Lair:1   | Reached skill level 19 in Stealth
 10606 | Lair:1   | Reached XP level 11. HP: 49/49 MP: 12/12
 11121 | Lair:2   | Received a gift from Okawaru
 11196 | Lair:2   | Impaled on a porcupine's spines

Action                   |  1- 3 |  4- 6 |  7- 9 | 10-12 || total
-------------------------+-------+-------+-------+-------++-------
Melee: Dagger            |    90 |   148 |   229 |       ||   467
       Short sword       |       |       |    83 |       ||    83
       Rapier            |       |       |     1 |   217 ||   218
 Fire: Blowgun           |       |    45 |    83 |     3 ||   131
Throw: Tomahawk          |       |       |     5 |     8 ||    13
Invok: Heroism           |       |       |     1 |       ||     1
Evoke: Wand              |       |     1 |     4 |       ||     5
  Use: Scroll            |     7 |     5 |    12 |     2 ||    26
       Potion            |       |     1 |     2 |       ||     3
 Stab: Sleeping          |     8 |    14 |    30 |    13 ||    65
       Distracted        |       |     3 |     3 |     3 ||     9
       Confused          |       |       |     4 |       ||     4
  Eat: Pizza             |     1 |       |     1 |     7 ||     9
